Diablos vs River Frogs
(R2)
Created - January 8, 2020 at 19:00
Goals
|
Diablos |
4 |
2 |
0 |
6 |
River Frogs |
0 |
0 |
3 |
3 |
|
Shots
|
Diablos |
11 |
9 |
14 |
34 |
River Frogs |
14 |
7 |
14 |
35 |
|
1st period
1. Diablos , Nick Spaling 19 (Jordan Szwarz 14, Danton Heinen 20) at 8:48
2. Diablos , Danton Heinen 7 (Nick Spaling 14) at 9:17 (PP)
3. Diablos , Ty Rattie 1 (Adrian Kempe 8, Andrei Mironov 4) at 11:29
4. Diablos , Jordan Szwarz 14 (Danton Heinen 21) at 19:14
Penalties :
Matt Calvert (Lou) for Tripping (Minor) at 9:12, Joakim Nordstrom (Lou) for Tripping (Minor) at 14:32, Dalton Prout (Lou) for Fighting (Major) at 19:18, Jordan Szwarz (Don) for Fighting (Major) at 19:18
2nd period
5. Diablos , Ty Rattie 2 (Andrei Mironov 5, Adrian Kempe 9) at 16:54
6. Diablos , Nick Spaling 20 (Philip Larsen 15, Jordan Szwarz 15) at 17:16 (PP)
Penalties :
Anthony Bitetto (Lou) for Holding (Minor) at 17:01
3rd period
7. River Frogs , Ondrej Kase 9 (Anthony Bitetto 25, Richard Nejezchleb 1) at 2:58
8. River Frogs , Matt Calvert 19 (Andrew Gordon 14, Christian Hanson 34) at 6:22 (PP)
9. River Frogs , Shea Theodore 1 (Aaron Ness 7) at 11:17
Penalties :
Anthony Bitetto (Lou) for Hooking (Minor) at 3:55, Scott Glennie (Don) for Roughing (Minor) at 6:09, Andrey Pedan (Don) for Tripping (Minor) at 8:14, Justin Florek (Lou) for High sticking (Minor) at 9:37, Danton Heinen (Don) for Tripping (Minor) at 10:11, Emerson Etem (Lou) for Holding (Minor) at 13:20
Goalie Stats
Kristers Gudlevskis (Don), 32 saves from 35 shots - (0.914), W, 13-9-2, 60:00 minutes
Phoenix Copley (Lou), 21 saves from 23 shots - (0.913), 40:46 minutes
Thomas Greiss (Lou), 7 saves from 11 shots - (0.636), L, 9-8-1, 19:14 minutes
Players Stats for Diablos
Player Name G A P +/- PIM S H SB GA TA FO MP PP MP PK MP
------------------------------------------------------------------------------------
Adrian Kempe 0 2 2 2 0 3 3 1 1 0 4/13 20:42 2:45 1:22
Andrei Mironov 0 2 2 0 0 3 2 2 0 1 0/0 22:11 3:47 0:48
Andrey Pedan 0 0 0 2 2 0 2 1 0 0 0/0 11:38 0:00 0:00
Anthony Camara 0 0 0 0 0 0 1 0 0 0 0/0 1:09 0:00 0:00
Brian Dumoulin 0 0 0 0 0 1 1 3 0 3 0/0 25:39 2:30 0:31
Corey Trivino 0 0 0 -1 0 2 2 1 0 0 5/7 14:16 2:45 0:08
Danton Heinen 1 2 3 2 2 3 1 0 0 0 20/38 21:12 3:32 0:07
Dominic Turgeon 0 0 0 0 0 1 0 0 0 0 0/0 6:09 0:00 0:00
Jack Glover 0 0 0 2 0 0 0 1 0 1 0/0 14:17 0:00 1:24
Jakub Vrana 0 0 0 2 0 0 3 0 0 0 0/0 18:38 2:45 0:00
Jiri Sekac 0 0 0 -2 0 1 3 0 1 0 0/0 12:20 0:00 0:28
Jordan Szwarz 1 2 3 2 5 3 2 1 2 1 0/0 21:12 3:32 1:35
Nick Spaling 2 1 3 1 0 9 3 1 1 0 3/6 24:25 3:32 0:42
Philip Larsen 0 1 1 -1 0 3 3 3 2 0 0/0 26:24 3:47 0:48
Scott Glennie 0 0 0 -1 2 0 2 0 0 2 0/0 11:09 0:00 0:00
Tobias Lindberg 0 0 0 0 0 0 1 0 0 0 1/1 8:19 0:00 0:00
Ty Rattie 2 0 2 2 0 5 2 0 0 0 0/0 15:53 0:00 0:00
Viktor Loov 0 0 0 1 0 0 1 2 1 0 0/0 20:12 2:30 0:53
Players Stats for River Frogs
Player Name G A P +/- PIM S H SB GA TA FO MP PP MP PK MP
------------------------------------------------------------------------------------
Aaron Ness 0 1 1 1 0 1 2 2 0 0 0/0 23:17 0:41 2:07
Andrew Gordon 0 1 1 -3 0 2 1 0 0 1 7/14 23:37 1:13 3:53
Anthony Bitetto 0 1 1 0 4 1 1 1 1 2 0/0 27:09 1:29 2:35
Austin Watson 0 0 0 1 0 2 1 0 0 0 0/0 13:17 0:00 0:20
Beau Starrett 0 0 0 0 0 0 0 0 0 0 0/0 0:00 0:00 0:00
Christian Hanson 0 1 1 -3 0 4 4 2 1 0 16/30 23:18 1:13 3:50
Dalton Prout 0 0 0 -3 5 6 2 4 0 2 0/0 27:29 1:29 4:10
Dillon Heatherington 0 0 0 -3 0 0 1 1 0 0 0/0 15:03 0:00 0:48
Emerson Etem 0 0 0 -1 2 0 0 0 1 2 0/0 14:58 0:57 1:04
Francis Perron 0 0 0 1 0 0 0 0 0 0 0/0 0:12 0:00 0:00
Jared Knight 0 0 0 1 0 2 2 0 1 0 2/7 14:04 0:00 0:14
Joakim Nordstrom 0 0 0 0 2 0 6 0 0 0 0/0 8:34 0:00 0:03
Justin Florek 0 0 0 -1 2 0 6 0 0 1 0/1 13:47 1:12 0:00
Leon Draisaitl 0 0 0 -1 0 3 1 0 1 0 1/4 15:43 0:57 1:48
Mario Lucia 0 0 0 1 0 0 0 0 0 0 0/0 1:26 0:00 0:00
Matt Calvert 1 0 1 -3 2 7 3 0 2 0 1/2 16:23 0:57 0:00
Maxim Mamin 0 0 0 0 0 0 0 0 0 0 0/1 1:22 0:00 1:22
Ondrej Kase 1 0 1 1 0 3 3 1 0 0 1/2 12:57 0:00 0:00
Richard Nejezchleb 0 1 1 0 0 1 1 0 0 0 0/0 8:10 0:00 0:00
Ryan Fitzgerald 0 0 0 0 0 0 0 0 0 0 4/4 8:10 0:00 0:00
Shea Theodore 1 0 1 1 0 3 0 1 1 0 0/0 22:41 0:41 2:54
3 Stars
1 - Nick Spaling (Don)
2 - Ty Rattie (Don)
3 - Danton Heinen (Don)
Power Play
Diablos - 2 on 6 Attempt(s) - 33.33%
River Frogs - 1 on 3 Attempt(s) - 33.33%
Penalty Kill
Diablos - 2 on 3 Attempt(s) - 66.67%
- Score 0 goal in Penalty Kill
River Frogs - 4 on 6 Attempt(s) - 66.67%
- Score 0 goal in Penalty Kill
Team Stat
Diablos - Hits : 32 - Faceoff Wins : 33 - Blocked Shots : 16 - Penalty Minutes : 11
River Frogs - Hits : 34 - Faceoff Wins : 32 - Blocked Shots : 12 - Penalty Minutes : 17
Official
Referees : Unknown
Linesman : Unknown
Game Notes
Phoenix Copley enters game at 19:14 of 1st period
Jordan Szwarz beats up Dalton Prout at 19:18 of 1st period
Finance
Level 1 -- Attendance: 1537 (76.85%) -- Ticket Income $61,480
Level 2 -- Attendance: 752 (75.20%) -- Ticket Income $15,040
Total Attendance: 2289 (76.30%)
Total Ticket Income: $76,520
Other Income: $3,826
Total Income: $80,346
Diablos
5 vs 5 Forward
Center Left Wing Right Wing Time % Phy DF OF
1 Danton Heinen Nick Spaling Jordan Szwarz 40 0 2 3
2 Adrian Kempe Jakub Vrana Ty Rattie 30 0 2 3
3 Corey Trivino Jiri Sekac Scott Glennie 20 0 2 3
4 Dominic Turgeon Nick Spaling Tobias Lindberg 10 1 3 1
5 vs 5 Defense
Defense Defense Time % Phy DF OF
1 Brian Dumoulin Philip Larsen 40 1 2 2
2 Andrei Mironov Viktor Loov 30 1 2 2
3 Jack Glover Andrey Pedan 20 1 2 2
4 Brian Dumoulin Philip Larsen 10 1 2 2
PowerPlay Forward
Center Left Wing Right Wing Time % Phy DF OF
1 Danton Heinen Nick Spaling Jordan Szwarz 60 0 1 4
2 Adrian Kempe Jakub Vrana Corey Trivino 40 0 1 4
PowerPlay Defense
Defense Defense Time % Phy DF OF
1 Andrei Mironov Philip Larsen 60 0 1 4
2 Brian Dumoulin Viktor Loov 40 0 1 4
Penalty Kill 4 Players Forward
Center Wing Time % Phy DF OF
1 Adrian Kempe Jordan Szwarz 60 1 4 0
2 Danton Heinen Nick Spaling 40 1 4 0
Penalty Kill 4 Players Defense
Defense Defense Time % Phy DF OF
1 Philip Larsen Andrei Mironov 60 1 4 0
2 Jack Glover Viktor Loov 40 1 4 0
Penalty Kill - 3 Players Forward
Forward Time % Phy DF OF
1 Adrian Kempe 60 0 5 0
2 Nick Spaling 40 0 5 0
Penalty Kill - 3 Players Defense
Defense Defense Time % Phy DF OF
1 Jack Glover Brian Dumoulin 60 0 5 0
2 Andrei Mironov Philip Larsen 40 0 5 0
4 vs 4 Forward
Center Wing Time % Phy DF OF
1 Danton Heinen Jordan Szwarz 60 0 2 3
2 Adrian Kempe Nick Spaling 40 0 2 3
4 vs 4 Defense
Defense Defense Time % Phy DF OF
1 Brian Dumoulin Jack Glover 60 0 2 3
2 Andrei Mironov Philip Larsen 40 0 2 3
Last Minutes Offensive
Center Left Wing Right Wing Defense Defense
Danton Heinen Jakub Vrana Jordan Szwarz Andrei Mironov Philip Larsen
Last Minutes Defensive
Center Left Wing Right Wing Defense Defense
Nick Spaling Corey Trivino Jordan Szwarz Brian Dumoulin Jack Glover
Goaltenders
Starting : Kristers Gudlevskis
Backup : Joni Ortio
Extra Forwards
Normal : Jordan Szwarz, Danton Heinen, Nick Spaling - PP : Jordan Szwarz, Nick Spaling - PK : Nick Spaling
Extra Defensemen
Normal : Jack Glover, Andrei Mironov, Philip Larsen - PP : Philip Larsen - PK : Philip Larsen, Jack Glover
Penalty Shots
Jordan Szwarz, Danton Heinen, Jakub Vrana, Nick Spaling, Adrian Kempe
Scratches
Peter Holland (Healthy), Jamie Devane (Healthy), Tyler Pitlick (Healthy), Matt Lindblad (Healthy), Tyler Lewington (Healthy)
Stuart Percy (Healthy), Sergey Tolchinsky (Concussion Injury), Lars Eller (Torn Right MCL Injury), Branden Troock (Healthy), David Pastrnak (Broken Right Thumb Injury)
Riley Nash (Healthy), Ryan MacInnis (Healthy), Matt Tomkins (Healthy)
River Frogs
5 vs 5 Forward
Center Left Wing Right Wing Time % Phy DF OF
1 Christian Hanson Matt Calvert Andrew Gordon 40 1 2 2
2 Leon Draisaitl Justin Florek Emerson Etem 30 1 2 2
3 Jared Knight Austin Watson Ondrej Kase 20 1 2 2
4 Ryan Fitzgerald Joakim Nordstrom Richard Nejezchleb 10 1 2 2
5 vs 5 Defense
Defense Defense Time % Phy DF OF
1 Dalton Prout Anthony Bitetto 40 1 2 2
2 Aaron Ness Shea Theodore 30 1 2 2
3 Dillon Heatherington Dalton Prout 20 1 2 2
4 Anthony Bitetto Aaron Ness 10 1 2 2
PowerPlay Forward
Center Left Wing Right Wing Time % Phy DF OF
1 Christian Hanson Matt Calvert Andrew Gordon 60 1 2 2
2 Leon Draisaitl Justin Florek Emerson Etem 40 1 2 2
PowerPlay Defense
Defense Defense Time % Phy DF OF
1 Dalton Prout Anthony Bitetto 60 1 2 2
2 Aaron Ness Shea Theodore 40 1 2 2
Penalty Kill 4 Players Forward
Center Wing Time % Phy DF OF
1 Andrew Gordon Christian Hanson 60 1 2 2
2 Emerson Etem Leon Draisaitl 40 1 2 2
Penalty Kill 4 Players Defense
Defense Defense Time % Phy DF OF
1 Dalton Prout Anthony Bitetto 60 1 2 2
2 Aaron Ness Shea Theodore 40 1 2 2
Penalty Kill - 3 Players Forward
Forward Time % Phy DF OF
1 Andrew Gordon 60 1 2 2
2 Christian Hanson 40 1 2 2
Penalty Kill - 3 Players Defense
Defense Defense Time % Phy DF OF
1 Dalton Prout Anthony Bitetto 60 1 2 2
2 Aaron Ness Shea Theodore 40 1 2 2
4 vs 4 Forward
Center Wing Time % Phy DF OF
1 Andrew Gordon Christian Hanson 60 1 2 2
2 Emerson Etem Leon Draisaitl 40 1 2 2
4 vs 4 Defense
Defense Defense Time % Phy DF OF
1 Dalton Prout Anthony Bitetto 60 1 2 2
2 Aaron Ness Shea Theodore 40 1 2 2
Last Minutes Offensive
Center Left Wing Right Wing Defense Defense
Christian Hanson Matt Calvert Andrew Gordon Dalton Prout Anthony Bitetto
Last Minutes Defensive
Center Left Wing Right Wing Defense Defense
Christian Hanson Matt Calvert Andrew Gordon Dalton Prout Anthony Bitetto
Goaltenders
Starting : Thomas Greiss
Backup : Phoenix Copley
Extra Forwards
Normal : Mario Lucia, Francis Perron, Maxim Mamin - PP : Mario Lucia, Francis Perron - PK : Maxim Mamin
Extra Defensemen
Normal : Dillon Heatherington, Shea Theodore, Dalton Prout - PP : Dillon Heatherington - PK : Shea Theodore, Dalton Prout
Penalty Shots
Andrew Gordon, Christian Hanson, Emerson Etem, Leon Draisaitl, Matt Calvert
Scratches
David Kolomatis (Healthy), Timothy Kunes (Healthy), Shane Sims (Healthy), James Livingstone (Healthy)
% Time on Ice - Diablos
Lines # - Real PCT - Wanted PCT - Time Play
Normal Forward
1 - 33% - 40% - 16:22
2 - 32% - 30% - 15:53
3 - 23% - 20% - 11:10
4 - 12% - 10% - 6:09
Normal Defense
1 - 38% - 40% - 18:47
2 - 34% - 30% - 16:49
3 - 23% - 20% - 11:17
4 - 5% - 10% - 2:41
PP Forward
1 - 56% - 60% - 3:32
2 - 44% - 40% - 2:45
PP Defense
1 - 60% - 60% - 3:47
2 - 40% - 40% - 2:30
PK Forward
1 - 95% - 60% - 2:03
2 - 5% - 40% - 0:07
PK Defense
1 - 59% - 60% - 1:17
2 - 41% - 40% - 0:53
PK3 Forward
1 - 100% - 60% - 0:02
2 - 0% - 40% - 0:00
PK3 Defense
1 - 100% - 60% - 0:02
2 - 0% - 40% - 0:00
44 Forward
1 - 100% - 60% - 1:57
2 - 0% - 40% - 0:00
44 Defense
1 - 82% - 60% - 1:36
2 - 18% - 40% - 0:21
Last Minute Offensive - 0:00
Last Minute Defensive - 0:00
Total
Forward - 60:00
Defense - 60:00
|
% Time on Ice - River Frogs
Lines # - Real PCT - Wanted PCT - Time Play
Normal Forward
1 - 32% - 40% - 15:49
2 - 25% - 30% - 12:38
3 - 26% - 20% - 12:57
4 - 16% - 10% - 8:10
Normal Defense
1 - 35% - 40% - 17:31
2 - 33% - 30% - 16:19
3 - 21% - 20% - 10:37
4 - 10% - 10% - 5:07
PP Forward
1 - 56% - 60% - 1:13
2 - 44% - 40% - 0:57
PP Defense
1 - 68% - 60% - 1:29
2 - 32% - 40% - 0:41
PK Forward
1 - 71% - 60% - 4:29
2 - 29% - 40% - 1:48
PK Defense
1 - 77% - 60% - 4:49
2 - 23% - 40% - 1:28
PK3 Forward
1 - 0% - 60%
2 - 0% - 40%
PK3 Defense
1 - 0% - 60%
2 - 0% - 40%
44 Forward
1 - 83% - 60% - 1:39
2 - 17% - 40% - 0:20
44 Defense
1 - 82% - 60% - 1:37
2 - 18% - 40% - 0:22
Last Minute Offensive - 0:00
Last Minute Defensive - 0:00
Total
Forward - 60:00
Defense - 60:00
|
Play-by-Play
1st period
0:01 of 1st period - Nick Spaling wins face-off versus Matt Calvert in neutral zone.
0:25 of 1st period - Anthony Bitetto is hit by Ty Rattie.
1:06 of 1st period - Wrist shot by Adrian Kempe.
1:06 of 1st period - Deflect By Ty Rattie.
1:06 of 1st period - Shot Misses the Net.
1:06 of 1st period - Puck is out of play.
1:07 of 1st period - Jared Knight wins face-off versus Corey Trivino in River Frogs zone.
1:20 of 1st period - Snap shot by Corey Trivino.
1:20 of 1st period - Shot Blocked by Ondrej Kase.
1:41 of 1st period - Emerson Etem is hit by Jiri Sekac and loses puck.
2:28 of 1st period - Dalton Prout is hit by Andrey Pedan and loses puck.
2:49 of 1st period - Slapshot by Ty Rattie.
2:49 of 1st period - Stopped by Thomas Greiss with a rebound.
3:21 of 1st period - Philip Larsen is hit by Justin Florek and loses puck.
3:48 of 1st period - Snap shot by Christian Hanson.
3:48 of 1st period - Shot Misses the Net.
3:50 of 1st period - Slapshot by Shea Theodore.
3:50 of 1st period - Deflect By Matt Calvert.
3:50 of 1st period - Stopped by Kristers Gudlevskis with a rebound.
5:13 of 1st period - Corey Trivino is hit by Austin Watson and loses puck.
5:47 of 1st period - Shea Theodore is hit by Nick Spaling and loses puck.
5:58 of 1st period - Shea Theodore is hit by Adrian Kempe and loses puck.
6:12 of 1st period - Snap shot by Andrew Gordon.
6:12 of 1st period - Shot Misses the Net.
6:18 of 1st period - Matt Calvert is hit by Jordan Szwarz and loses puck.
6:31 of 1st period - Andrei Mironov is hit by Justin Florek and loses puck.
6:48 of 1st period - Andrei Mironov is hit by Joakim Nordstrom and loses puck.
7:42 of 1st period - Aaron Ness is hit by Philip Larsen and loses puck.
7:49 of 1st period - Wrist shot by Corey Trivino.
7:49 of 1st period - Stopped by Thomas Greiss without a rebound.
7:50 of 1st period - Adrian Kempe wins face-off versus Leon Draisaitl in River Frogs zone.
7:57 of 1st period - Anthony Bitetto is hit by Brian Dumoulin and loses puck.
8:25 of 1st period - Shea Theodore is hit by Corey Trivino and loses puck.
8:40 of 1st period - Snap shot by Leon Draisaitl.
8:40 of 1st period - Shot Misses the Net.
8:42 of 1st period - Slapshot by Leon Draisaitl.
8:42 of 1st period - Stopped by Kristers Gudlevskis without a rebound.
8:43 of 1st period - Danton Heinen wins face-off versus Christian Hanson in Diablos zone.
8:48 of 1st period - Backhand shot by Jordan Szwarz.
8:48 of 1st period - Deflect By Nick Spaling.
8:48 of 1st period - Goal by Nick Spaling - Diablos : 1 - River Frogs : 0.
8:49 of 1st period - Danton Heinen wins face-off versus Christian Hanson in neutral zone.
8:49 of 1st period - Danton Heinen is hit by Christian Hanson.
8:54 of 1st period - Off-side.
8:55 of 1st period - Christian Hanson wins face-off versus Danton Heinen in neutral zone.
9:05 of 1st period - Slapshot by Brian Dumoulin.
9:05 of 1st period - Stopped by Thomas Greiss with a rebound.
9:07 of 1st period - Slapshot by Philip Larsen.
9:07 of 1st period - Stopped by Thomas Greiss with a rebound.
9:09 of 1st period - Slapshot by Philip Larsen.
9:09 of 1st period - Deflect By Nick Spaling.
9:09 of 1st period - Shot Blocked by Dalton Prout.
9:09 of 1st period - Puck is out of play.
9:10 of 1st period - Christian Hanson wins face-off versus Danton Heinen in River Frogs zone.
9:12 of 1st period - Minor Penalty to Matt Calvert for Tripping.
9:13 of 1st period - Danton Heinen wins face-off versus Andrew Gordon in River Frogs zone.
9:17 of 1st period - Slapshot by Nick Spaling.
9:17 of 1st period - Deflect By Danton Heinen.
9:17 of 1st period - Goal by Danton Heinen - Diablos : 2 - River Frogs : 0.
9:18 of 1st period - Danton Heinen wins face-off versus Christian Hanson in neutral zone.
9:23 of 1st period - Wrist shot by Jordan Szwarz.
9:23 of 1st period - Deflect By Danton Heinen.
9:23 of 1st period - Stopped by Thomas Greiss with a rebound.
10:08 of 1st period - Adrian Kempe is hit by Matt Calvert and loses puck.
10:13 of 1st period - Snap shot by Christian Hanson.
10:13 of 1st period - Stopped by Kristers Gudlevskis with a rebound.
10:42 of 1st period - Ty Rattie is hit by Matt Calvert and loses puck.
11:25 of 1st period - Andrei Mironov is hit by Christian Hanson.
11:29 of 1st period - Slapshot by Ty Rattie.
11:29 of 1st period - Goal by Ty Rattie - Diablos : 3 - River Frogs : 0.
11:30 of 1st period - Leon Draisaitl wins face-off versus Nick Spaling in neutral zone.
12:04 of 1st period - Slapshot by Aaron Ness.
12:04 of 1st period - Shot Blocked by Viktor Loov.
12:06 of 1st period - Slapshot by Shea Theodore.
12:06 of 1st period - Deflect By Ondrej Kase.
12:06 of 1st period - Shot Misses the Net.
12:06 of 1st period - Puck is out of play.
12:07 of 1st period - Jared Knight wins face-off versus Danton Heinen in Diablos zone.
12:08 of 1st period - Backhand shot by Anthony Bitetto.
12:08 of 1st period - Shot Blocked by Nick Spaling.
12:10 of 1st period - Slapshot by Anthony Bitetto.
12:10 of 1st period - Shot Misses the Net.
12:16 of 1st period - Slapshot by Jared Knight.
12:16 of 1st period - Stopped by Kristers Gudlevskis without a rebound.
12:17 of 1st period - Danton Heinen wins face-off versus Jared Knight in Diablos zone.
12:30 of 1st period - Wrist shot by Ondrej Kase.
12:30 of 1st period - Shot Misses the Net.
12:32 of 1st period - Slapshot by Dalton Prout.
12:32 of 1st period - Stopped by Kristers Gudlevskis with a rebound.
12:34 of 1st period - Backhand shot by Ondrej Kase.
12:34 of 1st period - Stopped by Kristers Gudlevskis with a rebound.
12:36 of 1st period - Slapshot by Dalton Prout.
12:36 of 1st period - Stopped by Kristers Gudlevskis with a rebound.
12:38 of 1st period - Backhand shot by Austin Watson.
12:38 of 1st period - Stopped by Kristers Gudlevskis with a rebound.
12:50 of 1st period - Slapshot by Dalton Prout.
12:50 of 1st period - Stopped by Kristers Gudlevskis without a rebound.
12:51 of 1st period - Corey Trivino wins face-off versus Leon Draisaitl in Diablos zone.
13:02 of 1st period - Snap shot by Leon Draisaitl.
13:02 of 1st period - Shot Blocked by Philip Larsen.
13:36 of 1st period - Snap shot by Leon Draisaitl.
13:36 of 1st period - Stopped by Kristers Gudlevskis without a rebound.
13:37 of 1st period - Christian Hanson wins face-off versus Adrian Kempe in Diablos zone.
13:52 of 1st period - Wrist shot by Andrew Gordon.
13:52 of 1st period - Shot Misses the Net.
14:32 of 1st period - Minor Penalty to Joakim Nordstrom for Tripping.
14:33 of 1st period - Andrew Gordon wins face-off versus Danton Heinen in River Frogs zone.
15:05 of 1st period - Anthony Bitetto is hit by Jakub Vrana and loses puck.
15:21 of 1st period - Slapshot by Viktor Loov.
15:21 of 1st period - Shot Blocked by Shea Theodore.
15:31 of 1st period - Backhand shot by Viktor Loov.
15:31 of 1st period - Shot Blocked by Aaron Ness.
16:05 of 1st period - Snap shot by Jordan Szwarz.
16:05 of 1st period - Shot Blocked by Dalton Prout.
16:07 of 1st period - Snap shot by Nick Spaling.
16:07 of 1st period - Deflect By Dalton Prout.
16:07 of 1st period - Shot Blocked by Anthony Bitetto.
16:07 of 1st period - Puck is out of play.
16:08 of 1st period - Andrew Gordon wins face-off versus Danton Heinen in River Frogs zone.
16:32 of 1st period - Penalty to Joakim Nordstrom is over, Joakim Nordstrom is back on ice.
16:47 of 1st period - Snap shot by Christian Hanson.
16:47 of 1st period - Stopped by Kristers Gudlevskis without a rebound.
16:48 of 1st period - Corey Trivino wins face-off versus Justin Florek in Diablos zone.
17:03 of 1st period - Snap shot by Leon Draisaitl.
17:03 of 1st period - Shot Blocked by Andrey Pedan.
17:15 of 1st period - Ondrej Kase is hit by Adrian Kempe and loses puck.
17:23 of 1st period - Slapshot by Dalton Prout.
17:23 of 1st period - Stopped by Kristers Gudlevskis with a rebound.
17:33 of 1st period - Wrist shot by Nick Spaling.
17:33 of 1st period - Stopped by Thomas Greiss with a rebound.
17:35 of 1st period - Snap shot by Jordan Szwarz.
17:35 of 1st period - Deflect By Joakim Nordstrom.
17:35 of 1st period - Shot Misses the Net.
17:35 of 1st period - Puck is out of play.
17:36 of 1st period - Ryan Fitzgerald wins face-off versus Danton Heinen in River Frogs zone.
17:47 of 1st period - Slapshot by Anthony Bitetto.
17:47 of 1st period - Stopped by Kristers Gudlevskis without a rebound.
17:48 of 1st period - Danton Heinen wins face-off versus Christian Hanson in Diablos zone.
17:48 of 1st period - Danton Heinen is hit by Andrew Gordon.
18:22 of 1st period - Slapshot by Philip Larsen.
18:22 of 1st period - Shot Blocked by Dalton Prout.
18:35 of 1st period - Off-side.
18:36 of 1st period - Corey Trivino wins face-off versus Jared Knight in neutral zone.
19:01 of 1st period - Aaron Ness is hit by Andrei Mironov and loses puck.
19:06 of 1st period - Wrist shot by Ty Rattie.
19:06 of 1st period - Shot Misses the Net.
19:08 of 1st period - Slapshot by Andrey Pedan.
19:08 of 1st period - Shot Misses the Net.
19:10 of 1st period - Slapshot by Andrey Pedan.
19:10 of 1st period - Shot Misses the Net.
19:12 of 1st period - Wrist shot by Ty Rattie.
19:12 of 1st period - Stopped by Thomas Greiss without a rebound.
19:13 of 1st period - Danton Heinen wins face-off versus Christian Hanson in River Frogs zone.
19:14 of 1st period - Slapshot by Jordan Szwarz.
19:14 of 1st period - Goal by Jordan Szwarz - Diablos : 4 - River Frogs : 0.
19:14 of 1st period - Phoenix Copley enters game.
19:15 of 1st period - Christian Hanson wins face-off versus Danton Heinen in neutral zone.
19:18 of 1st period - Jordan Szwarz beats up Dalton Prout.
19:18 of 1st period - Penalty to Dalton Prout for Fighting.
19:18 of 1st period - Penalty to Jordan Szwarz for Fighting.
19:19 of 1st period - Danton Heinen wins face-off versus Christian Hanson in Diablos zone.
19:46 of 1st period - Jakub Vrana is hit by Anthony Bitetto and loses puck.
19:51 of 1st period - Snap shot by Leon Draisaitl.
19:51 of 1st period - Stopped by Kristers Gudlevskis with a rebound.
Goals for this period are 4 for Diablos vs 0 for River Frogs.
Shots for this period are 11 for Diablos vs 14 for River Frogs.
2nd period
0:01 of 2nd period - Tobias Lindberg wins face-off versus Andrew Gordon in neutral zone.
0:14 of 2nd period - Wrist shot by Nick Spaling.
0:14 of 2nd period - Stopped by Phoenix Copley with a rebound.
0:16 of 2nd period - Slapshot by Philip Larsen.
0:16 of 2nd period - Stopped by Phoenix Copley with a rebound.
1:17 of 2nd period - Icing by Aaron Ness.
1:18 of 2nd period - Christian Hanson wins face-off versus Adrian Kempe in River Frogs zone.
1:25 of 2nd period - Shea Theodore is hit by Jakub Vrana and loses puck.
2:20 of 2nd period - Corey Trivino is hit by Ondrej Kase and loses puck.
2:31 of 2nd period - Dillon Heatherington is hit by Ty Rattie and loses puck.
2:43 of 2nd period - Icing by Dillon Heatherington.
2:44 of 2nd period - Ryan Fitzgerald wins face-off versus Danton Heinen in River Frogs zone.
2:49 of 2nd period - Danton Heinen is hit by Joakim Nordstrom and loses puck.
3:10 of 2nd period - Wrist shot by Richard Nejezchleb.
3:10 of 2nd period - Stopped by Kristers Gudlevskis without a rebound.
3:11 of 2nd period - Christian Hanson wins face-off versus Adrian Kempe in Diablos zone.
3:12 of 2nd period - Snap shot by Matt Calvert.
3:12 of 2nd period - Stopped by Kristers Gudlevskis without a rebound.
3:13 of 2nd period - Adrian Kempe wins face-off versus Christian Hanson in Diablos zone.
4:04 of 2nd period - Wrist shot by Jiri Sekac.
4:04 of 2nd period - Stopped by Phoenix Copley with a rebound.
4:06 of 2nd period - Snap shot by Jiri Sekac.
4:06 of 2nd period - Shot Misses the Net.
4:08 of 2nd period - Slapshot by Viktor Loov.
4:08 of 2nd period - Shot Blocked by Dillon Heatherington.
4:10 of 2nd period - Wrist shot by Jiri Sekac.
4:10 of 2nd period - Shot Misses the Net.
4:22 of 2nd period - Brian Dumoulin is hit by Joakim Nordstrom and loses puck.
4:49 of 2nd period - Snap shot by Matt Calvert.
4:49 of 2nd period - Shot Blocked by Brian Dumoulin.
5:11 of 2nd period - Slapshot by Shea Theodore.
5:11 of 2nd period - Shot Blocked by Corey Trivino.
5:30 of 2nd period - Snap shot by Shea Theodore.
5:30 of 2nd period - Stopped by Kristers Gudlevskis with a rebound.
5:51 of 2nd period - Aaron Ness is hit by Andrei Mironov and loses puck.
5:58 of 2nd period - Dominic Turgeon is hit by Dillon Heatherington and loses puck.
6:14 of 2nd period - Andrey Pedan is hit by Matt Calvert and loses puck.
6:29 of 2nd period - Corey Trivino is hit by Justin Florek.
6:33 of 2nd period - Emerson Etem is hit by Jiri Sekac and loses puck.
6:40 of 2nd period - Justin Florek is hit by Philip Larsen and loses puck.
7:11 of 2nd period - Dalton Prout is hit by Danton Heinen and loses puck.
7:24 of 2nd period - Brian Dumoulin is hit by Jared Knight and loses puck.
7:37 of 2nd period - Anthony Bitetto is hit by Andrey Pedan and loses puck.
8:58 of 2nd period - Jiri Sekac is hit by Christian Hanson and loses puck.
9:52 of 2nd period - Ty Rattie is hit by Justin Florek and loses puck.
10:24 of 2nd period - Jared Knight is hit by Scott Glennie and loses puck.
11:15 of 2nd period - Emerson Etem is hit by Jiri Sekac and loses puck.
11:28 of 2nd period - Danton Heinen is hit by Joakim Nordstrom and loses puck.
11:39 of 2nd period - Jakub Vrana is hit by Ondrej Kase and loses puck.
11:52 of 2nd period - Slapshot by Andrei Mironov.
11:52 of 2nd period - Stopped by Phoenix Copley with a rebound.
11:54 of 2nd period - Wrist shot by Dominic Turgeon.
11:54 of 2nd period - Stopped by Phoenix Copley with a rebound.
11:56 of 2nd period - Snap shot by Danton Heinen.
11:56 of 2nd period - Stopped by Phoenix Copley with a rebound.
12:02 of 2nd period - Tobias Lindberg is hit by Leon Draisaitl and loses puck.
12:13 of 2nd period - Anthony Bitetto is hit by Viktor Loov and loses puck.
12:52 of 2nd period - Matt Calvert is hit by Nick Spaling and loses puck.
13:03 of 2nd period - Joakim Nordstrom is hit by Scott Glennie and loses puck.
13:33 of 2nd period - Corey Trivino is hit by Jared Knight and loses puck.
13:58 of 2nd period - Danton Heinen is hit by Christian Hanson and loses puck.
14:45 of 2nd period - Adrian Kempe is hit by Dalton Prout and loses puck.
14:58 of 2nd period - Andrei Mironov is hit by Richard Nejezchleb and loses puck.
15:27 of 2nd period - Ondrej Kase is hit by Anthony Camara.
15:57 of 2nd period - Icing by Anthony Bitetto.
15:58 of 2nd period - Ryan Fitzgerald wins face-off versus Corey Trivino in River Frogs zone.
16:08 of 2nd period - Corey Trivino is hit by Joakim Nordstrom and loses puck.
16:23 of 2nd period - Aaron Ness is hit by Jordan Szwarz and loses puck.
16:52 of 2nd period - Slapshot by Andrei Mironov.
16:52 of 2nd period - Stopped by Phoenix Copley with a rebound.
16:54 of 2nd period - Wrist shot by Ty Rattie.
16:54 of 2nd period - Goal by Ty Rattie - Diablos : 5 - River Frogs : 0.
16:55 of 2nd period - Christian Hanson wins face-off versus Danton Heinen in neutral zone.
17:01 of 2nd period - Minor Penalty to Anthony Bitetto for Holding.
17:02 of 2nd period - Andrew Gordon wins face-off versus Nick Spaling in River Frogs zone.
17:14 of 2nd period - Slapshot by Philip Larsen.
17:14 of 2nd period - Shot Blocked by Christian Hanson.
17:16 of 2nd period - Wrist shot by Nick Spaling.
17:16 of 2nd period - Goal by Nick Spaling - Diablos : 6 - River Frogs : 0.
17:17 of 2nd period - Christian Hanson wins face-off versus Danton Heinen in neutral zone.
17:42 of 2nd period - Jakub Vrana is hit by Justin Florek.
18:44 of 2nd period - Slapshot by Dalton Prout.
18:44 of 2nd period - Stopped by Kristers Gudlevskis with a rebound.
18:48 of 2nd period - Snap shot by Ondrej Kase.
18:48 of 2nd period - Shot Misses the Net.
18:50 of 2nd period - Wrist shot by Jared Knight.
18:50 of 2nd period - Shot Misses the Net.
18:52 of 2nd period - Wrist shot by Jared Knight.
18:52 of 2nd period - Stopped by Kristers Gudlevskis without a rebound.
18:53 of 2nd period - Christian Hanson wins face-off versus Adrian Kempe in Diablos zone.
19:00 of 2nd period - Wrist shot by Andrew Gordon.
19:00 of 2nd period - Deflect By Matt Calvert.
19:00 of 2nd period - Stopped by Kristers Gudlevskis without a rebound.
19:01 of 2nd period - Christian Hanson wins face-off versus Adrian Kempe in Diablos zone.
19:26 of 2nd period - Snap shot by Shea Theodore.
19:26 of 2nd period - Stopped by Kristers Gudlevskis without a rebound.
19:27 of 2nd period - Ryan Fitzgerald wins face-off versus Danton Heinen in Diablos zone.
19:34 of 2nd period - Wrist shot by Ryan Fitzgerald.
19:34 of 2nd period - Shot Misses the Net.
19:36 of 2nd period - Slapshot by Shea Theodore.
19:36 of 2nd period - Deflect By Ryan Fitzgerald.
19:36 of 2nd period - Shot Blocked by Andrei Mironov.
19:36 of 2nd period - Puck is out of play.
19:37 of 2nd period - Danton Heinen wins face-off versus Christian Hanson in Diablos zone.
Goals for this period are 2 for Diablos vs 0 for River Frogs.
Shots for this period are 9 for Diablos vs 7 for River Frogs.
3rd period
0:01 of 3rd period - Danton Heinen wins face-off versus Christian Hanson in neutral zone.
0:03 of 3rd period - Off-side.
0:04 of 3rd period - Christian Hanson wins face-off versus Danton Heinen in neutral zone.
0:19 of 3rd period - Snap shot by Nick Spaling.
0:19 of 3rd period - Stopped by Phoenix Copley with a rebound.
0:39 of 3rd period - Snap shot by Leon Draisaitl.
0:39 of 3rd period - Shot Blocked by Philip Larsen.
0:59 of 3rd period - Slapshot by Philip Larsen.
0:59 of 3rd period - Shot Misses the Net.
1:01 of 3rd period - Snap shot by Philip Larsen.
1:01 of 3rd period - Stopped by Phoenix Copley without a rebound.
1:02 of 3rd period - Danton Heinen wins face-off versus Christian Hanson in River Frogs zone.
1:03 of 3rd period - Snap shot by Nick Spaling.
1:03 of 3rd period - Stopped by Phoenix Copley with a rebound.
1:09 of 3rd period - Wrist shot by Andrew Gordon.
1:09 of 3rd period - Deflect By Christian Hanson.
1:09 of 3rd period - Shot Blocked by Viktor Loov.
1:09 of 3rd period - Puck is out of play.
1:10 of 3rd period - Danton Heinen wins face-off versus Christian Hanson in Diablos zone.
1:57 of 3rd period - Viktor Loov is hit by Justin Florek and loses puck.
2:20 of 3rd period - Slapshot by Matt Calvert.
2:20 of 3rd period - Stopped by Kristers Gudlevskis with a rebound.
2:22 of 3rd period - Slapshot by Dalton Prout.
2:22 of 3rd period - Shot Blocked by Jordan Szwarz.
2:46 of 3rd period - Snap shot by Adrian Kempe.
2:46 of 3rd period - Shot Misses the Net.
2:58 of 3rd period - Snap shot by Ondrej Kase.
2:58 of 3rd period - Goal by Ondrej Kase - Diablos : 6 - River Frogs : 1.
2:59 of 3rd period - Adrian Kempe wins face-off versus Christian Hanson in neutral zone.
3:26 of 3rd period - Wrist shot by Austin Watson.
3:26 of 3rd period - Shot Misses the Net.
3:41 of 3rd period - Icing by Anthony Bitetto.
3:42 of 3rd period - Corey Trivino wins face-off versus Ondrej Kase in River Frogs zone.
3:53 of 3rd period - Snap shot by Jiri Sekac.
3:53 of 3rd period - Deflect By Corey Trivino.
3:53 of 3rd period - Stopped by Phoenix Copley with a rebound.
3:55 of 3rd period - Minor Penalty to Anthony Bitetto for Hooking.
3:56 of 3rd period - Andrew Gordon wins face-off versus Danton Heinen in River Frogs zone.
4:07 of 3rd period - Snap shot by Nick Spaling.
4:07 of 3rd period - Stopped by Phoenix Copley without a rebound.
4:08 of 3rd period - Danton Heinen wins face-off versus Andrew Gordon in River Frogs zone.
4:27 of 3rd period - Christian Hanson is hit by Philip Larsen.
5:14 of 3rd period - Christian Hanson is hit by Corey Trivino and loses puck.
5:27 of 3rd period - Corey Trivino is hit by Aaron Ness and loses puck.
5:48 of 3rd period - Leon Draisaitl is hit by Nick Spaling.
5:55 of 3rd period - Penalty to Anthony Bitetto is over, Anthony Bitetto is back on ice.
6:09 of 3rd period - Minor Penalty to Scott Glennie for Roughing.
6:10 of 3rd period - Christian Hanson wins face-off versus Adrian Kempe in Diablos zone.
6:22 of 3rd period - Snap shot by Matt Calvert.
6:22 of 3rd period - Goal by Matt Calvert - Diablos : 6 - River Frogs : 2.
6:23 of 3rd period - Andrew Gordon wins face-off versus Danton Heinen in neutral zone.
7:08 of 3rd period - Slapshot by Brian Dumoulin.
7:08 of 3rd period - Shot Blocked by Aaron Ness.
7:34 of 3rd period - Nick Spaling is hit by Joakim Nordstrom.
7:38 of 3rd period - Slapshot by Shea Theodore.
7:38 of 3rd period - Shot Blocked by Andrei Mironov.
7:50 of 3rd period - Andrew Gordon is hit by Jakub Vrana and loses puck.
8:01 of 3rd period - Slapshot by Andrew Gordon.
8:01 of 3rd period - Stopped by Kristers Gudlevskis with a rebound.
8:14 of 3rd period - Minor Penalty to Andrey Pedan for Tripping.
8:15 of 3rd period - Christian Hanson wins face-off versus Adrian Kempe in Diablos zone.
8:22 of 3rd period - Backhand shot by Christian Hanson.
8:22 of 3rd period - Shot Blocked by Adrian Kempe.
8:24 of 3rd period - Snap shot by Christian Hanson.
8:24 of 3rd period - Stopped by Kristers Gudlevskis with a rebound.
8:26 of 3rd period - Snap shot by Andrew Gordon.
8:26 of 3rd period - Shot Misses the Net.
8:28 of 3rd period - Wrist shot by Matt Calvert.
8:28 of 3rd period - Stopped by Kristers Gudlevskis with a rebound.
8:30 of 3rd period - Snap shot by Christian Hanson.
8:30 of 3rd period - Shot Blocked by Philip Larsen.
9:37 of 3rd period - Minor Penalty to Justin Florek for High sticking.
9:38 of 3rd period - Danton Heinen wins face-off versus Andrew Gordon in River Frogs zone.
10:11 of 3rd period - Minor Penalty to Danton Heinen for Tripping.
10:12 of 3rd period - Andrew Gordon wins face-off versus Adrian Kempe in Diablos zone.
10:14 of 3rd period - Penalty to Andrey Pedan is over, Andrey Pedan is back on ice.
10:30 of 3rd period - Adrian Kempe is hit by Dalton Prout and loses puck.
11:15 of 3rd period - Slapshot by Aaron Ness.
11:15 of 3rd period - Stopped by Kristers Gudlevskis with a rebound.
11:17 of 3rd period - Slapshot by Shea Theodore.
11:17 of 3rd period - Goal by Shea Theodore - Diablos : 6 - River Frogs : 3.
11:18 of 3rd period - Andrew Gordon wins face-off versus Nick Spaling in neutral zone.
11:21 of 3rd period - Snap shot by Andrew Gordon.
11:21 of 3rd period - Stopped by Kristers Gudlevskis without a rebound.
11:22 of 3rd period - Nick Spaling wins face-off versus Andrew Gordon in Diablos zone.
11:30 of 3rd period - Snap shot by Jordan Szwarz.
11:30 of 3rd period - Shot Misses the Net.
11:32 of 3rd period - Slapshot by Nick Spaling.
11:32 of 3rd period - Stopped by Phoenix Copley without a rebound.
11:33 of 3rd period - Nick Spaling wins face-off versus Andrew Gordon in River Frogs zone.
11:36 of 3rd period - Wrist shot by Nick Spaling.
11:36 of 3rd period - Stopped by Phoenix Copley with a rebound.
11:37 of 3rd period - Penalty to Justin Florek is over, Justin Florek is back on ice.
11:38 of 3rd period - Snap shot by Nick Spaling.
11:38 of 3rd period - Shot Misses the Net.
11:40 of 3rd period - Backhand shot by Brian Dumoulin.
11:40 of 3rd period - Shot Blocked by Christian Hanson.
11:46 of 3rd period - Slapshot by Jordan Szwarz.
11:46 of 3rd period - Stopped by Phoenix Copley with a rebound.
11:48 of 3rd period - Slapshot by Brian Dumoulin.
11:48 of 3rd period - Shot Misses the Net.
12:11 of 3rd period - Penalty to Danton Heinen is over, Danton Heinen is back on ice.
12:28 of 3rd period - Slapshot by Adrian Kempe.
12:28 of 3rd period - Stopped by Phoenix Copley with a rebound.
12:30 of 3rd period - Snap shot by Andrei Mironov.
12:30 of 3rd period - Stopped by Phoenix Copley without a rebound.
12:31 of 3rd period - Corey Trivino wins face-off versus Christian Hanson in River Frogs zone.
12:56 of 3rd period - Austin Watson is hit by Tobias Lindberg and loses puck.
13:20 of 3rd period - Minor Penalty to Emerson Etem for Holding.
13:21 of 3rd period - Danton Heinen wins face-off versus Andrew Gordon in River Frogs zone.
13:52 of 3rd period - Anthony Bitetto is hit by Adrian Kempe and loses puck.
14:12 of 3rd period - Icing by Nick Spaling.
14:13 of 3rd period - Danton Heinen wins face-off versus Maxim Mamin in Diablos zone.
15:20 of 3rd period - Penalty to Emerson Etem is over, Emerson Etem is back on ice.
15:41 of 3rd period - Snap shot by Ondrej Kase.
15:41 of 3rd period - Shot Blocked by Jack Glover.
15:43 of 3rd period - Slapshot by Dalton Prout.
15:43 of 3rd period - Stopped by Kristers Gudlevskis without a rebound.
15:44 of 3rd period - Adrian Kempe wins face-off versus Jared Knight in Diablos zone.
16:06 of 3rd period - Icing by Austin Watson.
16:07 of 3rd period - Ondrej Kase wins face-off versus Danton Heinen in River Frogs zone.
17:01 of 3rd period - Slapshot by Brian Dumoulin.
17:01 of 3rd period - Shot Misses the Net.
17:03 of 3rd period - Backhand shot by Ty Rattie.
17:03 of 3rd period - Stopped by Phoenix Copley without a rebound.
17:04 of 3rd period - Christian Hanson wins face-off versus Danton Heinen in River Frogs zone.
17:09 of 3rd period - Wrist shot by Matt Calvert.
17:09 of 3rd period - Shot Blocked by Brian Dumoulin.
17:11 of 3rd period - Backhand shot by Christian Hanson.
17:11 of 3rd period - Deflect By Jordan Szwarz.
17:11 of 3rd period - Stopped by Kristers Gudlevskis with a rebound.
17:13 of 3rd period - Wrist shot by Anthony Bitetto.
17:13 of 3rd period - Deflect By Matt Calvert.
17:13 of 3rd period - Shot Misses the Net.
17:13 of 3rd period - Puck is out of play.
17:14 of 3rd period - Matt Calvert wins face-off versus Danton Heinen in Diablos zone.
17:19 of 3rd period - Wrist shot by Matt Calvert.
17:19 of 3rd period - Shot Misses the Net.
17:21 of 3rd period - Slapshot by Aaron Ness.
17:21 of 3rd period - Deflect By Christian Hanson.
17:21 of 3rd period - Shot Blocked by Brian Dumoulin.
17:21 of 3rd period - Puck is out of play.
17:22 of 3rd period - Christian Hanson wins face-off versus Danton Heinen in Diablos zone.
17:48 of 3rd period - Philip Larsen is hit by Aaron Ness and loses puck.
17:55 of 3rd period - Wrist shot by Adrian Kempe.
17:55 of 3rd period - Stopped by Phoenix Copley without a rebound.
17:56 of 3rd period - Danton Heinen wins face-off versus Leon Draisaitl in River Frogs zone.
18:07 of 3rd period - Backhand shot by Leon Draisaitl.
18:07 of 3rd period - Shot Misses the Net.
18:31 of 3rd period - Icing by Dalton Prout.
18:32 of 3rd period - Danton Heinen wins face-off versus Christian Hanson in River Frogs zone.
18:45 of 3rd period - Wrist shot by Nick Spaling.
18:45 of 3rd period - Shot Misses the Net.
18:47 of 3rd period - Snap shot by Danton Heinen.
18:47 of 3rd period - Shot Blocked by Dalton Prout.
19:07 of 3rd period - Backhand shot by Adrian Kempe.
19:07 of 3rd period - Stopped by Phoenix Copley without a rebound.
19:08 of 3rd period - Danton Heinen wins face-off versus Jared Knight in River Frogs zone.
19:11 of 3rd period - Wrist shot by Jordan Szwarz.
19:11 of 3rd period - Stopped by Phoenix Copley without a rebound.
19:12 of 3rd period - Danton Heinen wins face-off versus Jared Knight in River Frogs zone.
19:34 of 3rd period - Viktor Loov is hit by Ondrej Kase and loses puck.
19:45 of 3rd period - Snap shot by Ondrej Kase.
19:45 of 3rd period - Stopped by Kristers Gudlevskis with a rebound.
19:47 of 3rd period - Wrist shot by Austin Watson.
19:47 of 3rd period - Shot Misses the Net.
19:49 of 3rd period - Wrist shot by Austin Watson.
19:49 of 3rd period - Stopped by Kristers Gudlevskis without a rebound.
19:50 of 3rd period - Christian Hanson wins face-off versus Adrian Kempe in Diablos zone.
19:51 of 3rd period - Snap shot by Matt Calvert.
19:51 of 3rd period - Stopped by Kristers Gudlevskis with a rebound.
Goals for this period are 0 for Diablos vs 3 for River Frogs.
Shots for this period are 14 for Diablos vs 14 for River Frogs.
Back to the Top